 Dungeon Crawl Stone Soup version 0.22-a0-284-g99d1f74 (webtiles) character file.

3203 Gorglomux the Fighter (level 9, -8/91 HPs)
             Began as a Naga Fighter on Mar 22, 2018.
             Was an Initiate of Gozag.
             Mangled by Gorglomux's ghost (9 damage)
             ... on level 8 of the Dungeon.
             The game lasted 00:08:15 (6892 turns).

Gorglomux the Fighter (Naga Fighter)                Turns: 6892, Time: 00:08:16

Health: -8/91      AC: 14    Str: 26    XL:     9   Next: 96%
Magic:  9/9        EV: 12    Int: 15    God:    Gozag
Gold:   355        SH: 11    Dex: 16    Spells: 8/8 levels left

rFire    . . .     SeeInvis +   a - +0 war axe
rCold    x . .     Gourm    .   c - +0 shield
rNeg     + . .     Faith    .   Z - +5 ring mail "Cushrered" {rPois rC- Int+6 SInv}
rPois    +         Spirit   .   (no helmet)
rElec    .         Reflect  .   F - scarf {cloud immunity}
rCorr    .         Harm     .   z - +2 pair of gloves
MR       +....                  (no barding)
Stlth    ++........             r - amulet of regeneration
HPRegen  0.65/turn              y - ring of positive energy
MPRegen  0.11/turn              S - ring of wizardry

@: mighty, agile, invisible, very slow
A: large, see invisible, deformed body, poison resistance, slowness 2, slow
metabolism 1, spit poison 1, AC +3
a: Spit Poison, Potion Petition, Call Merchant, Bribe Branch, Renounce Religion


You were on level 8 of the Dungeon.
You worshipped Gozag.
Gozag was aware of your devotion.
You were full.

You visited 2 branches of the dungeon, and saw 9 of its levels.

You collected 1099 gold pieces.
You spent 333 gold pieces at shops.
You paid 411 gold pieces to Gozag.

Inventory:

Hand Weapons
 a - a +0 war axe (weapon)
Armour
 c - a +0 shield (worn)
 x - a +0 chain mail
 z - a +2 pair of gloves (worn)
 F - a scarf of cloud immunity (worn)
 Z - the +5 ring mail "Cushrered" (worn) {rPois rC- Int+6 SInv}
   (You found it on level 8 of the Dungeon)

   It affects your intelligence (+6).
   It makes you vulnerable to cold.
   It protects you from poison.
   It lets you see invisible.
Jewellery
 r - an amulet of regeneration (around neck)
 y - a ring of positive energy (left hand)
 S - a ring of wizardry (right hand)
Wands
 X - a wand of flame (22)
Scrolls
 h - a scroll of noise {unknown}
 l - 3 scrolls of enchant armour
 m - 2 scrolls of amnesia
 p - 3 scrolls of remove curse
 t - a scroll of fear
 v - 2 scrolls of fog {unknown}
 w - a scroll of enchant weapon {unknown}
 R - 5 scrolls of identify
 T - 6 scrolls of teleportation
 U - a scroll of immolation {unknown}
 Y - a scroll of magic mapping {unknown}
Potions
 B - a potion of flight
 C - a potion of mutation {!q}
 D - a potion of brilliance
 G - a potion of haste
 Q - 6 potions of curing
 V - 3 potions of agility
 W - a potion of magic {unknown}
Comestibles
 f - 9 rations


   Skills:
 + Level 9.1 Fighting
 + Level 8.8 Axes
 + Level 4.4 Armour
 + Level 4.5 Shields


You had 8 spell levels left.
You didn't know any spells.

Dungeon Overview and Level Annotations

Branches:
Dungeon (8/15)             Temple (1/1) D:4
   Lair: D:8-11

Altars:
Ashenzari
Cheibriados
Dithmenos
Elyvilon
Fedhas
Gozag
Hepliaklqana
Kikubaaqudgha
Makhleb
Nemelex Xobeh
Okawaru
Qazlal
Ru
Sif Muna
Trog
Uskayaw
Vehumet
Wu Jian
Xom
Yredelemnul
Zin
The Shining One

Shops:
D:5 (

Annotations:
D:8 Gorglomux's ghost, novice NaFi


Innate Abilities, Weirdness & Mutations

You cannot wear boots.
Your serpentine skin is tough. (AC +3)
You have supernaturally acute eyesight. (SInv)
Armour fits poorly on your strangely shaped body.
Your system is resistant to poisons. (rPois)
You cover ground very slowly.
You have a slow metabolism.
You can spit poison.


Message History

Gorglomux's ghost hits you but does no damage!
You chop Gorglomux's ghost into pieces!!!
Gorglomux's ghost is severely damaged!
Butt'butts ghost hits you!!! * * * don't die
* * * You barely miss Gorglomux's ghost!
Gorglomux's ghost is severely damaged!
Gorglomux's ghost hits you!!! * * * don'butt die
* * *
Okay, then! [a] - 324 gold - invisibility and agility [b] - 320 gold - might, agility and invisibility [c] - 192 gold - might and agility Purchase which effect?
You no longer have enough gold to butt Gozag for potion effects!
You feel butt all of a butt!
You feel agile all of a sudden!
You fade into invisibility!!!
Gorglomux's ghost butts you!!! rip Your body crumbles into a pile of gold!

.#########.# ########._.#
...........# #......#...#
...........###......#####
.....####..#.......##.#
.###.# #>.#.#....##..#
...#.####.[).....##...#
.........[))....##....#
)....####.####.##.....# .
.....####.# ###@.....#..
.......##.# #$W#...#.#.
.#.###.##.# #..##≈≈≈≈..
###.......# #...P≈P≈≈#
.#.###.#### ###..PPPP≈≈#
#.## #.# #P.PP$♣≈≈P.# #.#
#.# #P.PP♣$≈≈PP≈..# #.#
#.# ≈P.≈≈♣≈≈≈PP≈##.# #.##
#.P P≈≈≈♣PPPP..... $


You could see Gorglomux's ghost.

Vanquished Creatures
  The ghost of Demitroll the Slasher, an amateur DsGl (D:4)
  A hippogriff (D:7)
  Duvessa (D:5)
  An ice beast (D:7)
  A hornet zombie (D:6)
  3 orc warriors
  A sky beast (D:7)
  2 ogres
  Blork the orc (D:5)
  A bullfrog (D:7)
  Dowan (D:5)
  5 scorpions
  4 killer bees (D:6)
  2 electric eels
  3 howler monkeys (D:8)
  4 wights (D:7)
  2 crimson imps
  A centaur zombie (D:7)
  2 hounds (D:4)
  3 orc priests
  A jelly (D:8)
  7 orc wizards
  A centaur skeleton (D:5)
  2 iguanas (D:5)
  7 worker ants
  A hound skeleton (D:4)
  4 gnolls
  Robin (D:4)
  14 adders
  A shadow imp (D:5)
  An adder skeleton (D:5)
  An adder zombie (D:5)
  A dart slug (D:3)
  4 leopard geckos
  23 orcs
  10 bats
  5 giant cockroaches
  13 goblins
  4 hobgoblins
  6 jackals
  3 kobolds
  5 quokkas
  6 frilled lizards
  A quokka skeleton (D:4)
  11 rats
173 creatures vanquished.

Vanquished Creatures (others)
  A fungus (D:5)
  3 plants (D:8)
4 creatures vanquished.

Grand Total: 177 creatures vanquished

Notes
Turn   | Place    | Note
-------+----------+-------------------------------------------
     0 | D:1      | Gorglomux the Naga Fighter began the quest for the Orb.
     0 | D:1      | Reached XP level 1. HP: 21/21 MP: 1/1
   131 | D:1      | Reached XP level 2. HP: 15/28 MP: 2/2
   495 | D:1      | Reached XP level 3. HP: 34/34 MP: 3/3
  1093 | D:2      | Reached skill level 3 in Axes
  1100 | D:2      | Reached skill level 4 in Fighting
  1100 | D:2      | Reached XP level 4. HP: 6/44 MP: 4/4
  1119 | D:2      | Reached XP level 5. HP: 7/51 MP: 5/5
  1667 | D:2      | You fall through a shaft!
  2305 | D:4      | Noticed Demitroll's ghost (amateur DsGl)
  2306 | D:4      | Reached skill level 5 in Fighting
  2306 | D:4      | Reached XP level 6. HP: 49/61 MP: 6/6
  2449 | D:4      | Killed Demitroll's ghost
  2449 | D:4      | Reached XP level 7. HP: 28/68 MP: 7/7
  2560 | D:4      | Found a shadowy altar of Dithmenos.
  2813 | D:4      | Found a staircase to the Ecumenical Temple.
  2826 | D:4      | Noticed Robin
  2826 | D:4      | Reached skill level 6 in Fighting
  2842 | D:4      | Killed Robin
  2843 | D:4      | Found an ornate altar of the Wu Jian Council.
  2850 | Temple   | Entered the Ecumenical Temple
  2859 | Temple   | Became a worshipper of Gozag Ym Sagoz the Greedy
  2993 | D:4      | You fall through a shaft!
  2993 | D:5      | Entered Level 5 of the Dungeon
  3051 | D:5      | Noticed Duvessa
  3051 | D:5      | Noticed Dowan
  3072 | D:5      | Reached skill level 6 in Axes
  3072 | D:5      | Killed Duvessa
  3075 | D:5      | Killed Dowan
  3155 | D:4      | Found a hide-covered altar of Uskayaw.
  3155 | D:4      | Noticed a dagger
  3156 | D:4      | Noticed a dagger
  3388 | D:4      | Reached XP level 8. HP: 78/78 MP: 8/8
  3692 | D:5      | Reached skill level 7 in Fighting
  4064 | D:5      | Found an iron altar of Okawaru.
  4065 | D:5      | Found a bloodstained altar of Trog.
  4231 | D:5      | Found Ynuets's Antique Weapon Emporium.
  4234 | D:5      | Bought a translucent great sword for 333 gold pieces
  4239 | D:5      | Identified the cursed +0 great sword "Geuwk" {slice, rF+ Int-5 Dex+6 SInv} (You bought it in a shop on level 5 of the Dungeon)
  4568 | D:5      | Noticed Blork the orc
  4574 | D:5      | Killed Blork the orc
  5018 | D:6      | Reached skill level 8 in Fighting
  5237 | D:6      | Reached skill level 3 in Armour
  5333 | D:6      | Reached skill level 3 in Shields
  5333 | D:6      | Reached XP level 9. HP: 39/88 MP: 9/9
  5578 | D:6      | Found a basalt altar of Yredelemnul.
  5709 | D:6      | Found an ancient bone altar of Kikubaaqudgha.
  5709 | D:6      | Found a sparkling altar of Nemelex Xobeh.
  6583 | D:8      | Got a heavily runed ring mail
  6594 | D:8      | Identified the +5 ring mail "Cushrered" {rPois rC- Int+6 SInv} (You found it on level 8 of the Dungeon)
  6737 | D:8      | Found a shattered altar of Ashenzari.
  6769 | D:8      | Reached skill level 9 in Fighting
  6851 | D:8      | Noticed Gorglomux's ghost (novice NaFi)
  6891 | D:8      | HP: 1/91 [Gorglomux's ghost (14)]
  6892 | D:8      | Mangled by Gorglomux's ghost

Vault maps used:
D:1:      minmay_arrival_shoal_huts, minmay_pentomino_t2
D:4:      lemuel_round_altar, dancing_weapons_uskayaw, temple_green,
          first_ration, nicolae_dithmenos_the_darkroom, uniq_robin
D:5:      old_forge, grunt_temple_overflow_bloody_war, serial_shops,
          nicolae_shop_behind_doors, uniq_crazy_yiuf_cottage,
          uniq_blork_the_orc, uniq_duvessa
D:6:      gammafunk_temple_overflow_statue, serial_bayou, serial_bayou_shore_b,
          serial_bayou_pond_a, serial_bayou_pond_d, serial_bayou_shore_a,
          yredelemnul_altar_generic
D:8:      nicolae_ashenzari_panopticon, hangedman_pestilent_swarm,
          serial_bayou_lagoon_a
Temple:   nicolae_temple_no_exploring_needed

Skill      XL: |  1  2  3  4  5  6  7  8  9 |
---------------+----------------------------+-----
Axes           | 3 4 5 6 7 8 |  8.8
Fighting       | 4 5 6 8 9 |  9.1
Armour         | 3 4 |  4.4
Shields        | 3 4 |  4.5

Action                   |  1- 3 |  4- 6 |  7- 9 || total
-------------------------+-------+-------+-------++-------
Melee: War axe           |   104 |   172 |   451 ||   727
       Great sword       |       |       |    50 ||    50
Invok: Potion Petition   |       |       |     2 ||     2
 Abil: Spit Poison       |     3 |     1 |    11 ||    15
Evoke: Wand              |       |       |     1 ||     1
  Use: Potion            |     1 |     4 |     3 ||     8
       Scroll            |       |       |     9 ||     9
 Stab: Distracted        |       |       |     1 ||     1
  Eat: Chunk             |       |     4 |     2 ||     6
       Ration            |       |       |     5 ||     5
Armor: Scale mail        |    68 |     7 |       ||    75
       Chain mail        |       |   113 |   327 ||   440
       Ring mail         |       |       |    33 ||    33
Dodge: Dodged            |    28 |    35 |   125 ||   188
Block: Shield            |    63 |    97 |   242 ||   402
       Rpst.: Great sword |       |       |    10 ||    10

Table legend:
 A = Spawn XP
 B = Non-spawn XP
 C = Spawn XP percentage of total XP
 D = Spawn monster count
 E = Non-spawn monster count
 F = Spawn count percentage of total count
 G = Total turns spent on level
                    A         B        C        D         E        F      G
               +---------+---------+-------+---------+---------+-------+---------
         Total |       0 |    4577 |   0.0 |       0 |     173 |   0.0 |  6892
               +---------+---------+-------+---------+---------+-------+---------
           D:1 |       0 |      36 |   0.0 |       0 |      22 |   0.0 |   868
           D:2 |       0 |     151 |   0.0 |       0 |      18 |   0.0 |   935
           D:3 |       0 |     146 |   0.0 |       0 |      28 |   0.0 |   572
           D:4 |       0 |     496 |   0.0 |       0 |      16 |   0.0 |  1122
           D:5 |       0 |    1038 |   0.0 |       0 |      33 |   0.0 |  1341
           D:6 |       0 |     659 |   0.0 |       0 |      13 |   0.0 |   993
           D:7 |       0 |    1479 |   0.0 |       0 |      25 |   0.0 |   713
           D:8 |       0 |     572 |   0.0 |       0 |      18 |   0.0 |   329
               +---------+---------+-------+---------+---------+-------+---------
